Map: World of Sleepers LE

Players

Denver

  • Race: Zerg Zerg
  • Spawn Location: 1:00

Stephano - Winner!

  • Race: Zerg Zerg
  • Spawn Location: 7:00

VOD

Have the link to the VOD?

Description

Time

  • Played on: Sept. 6, 2019, 5:22 p.m.
  • Length: 8:11
Show
View Real Time Build Order
Export as new Build Order

Denver Zerg 

Build Orders: Hatch First 

Get SALT Encoding   

  12  0:00  Drone  
  13  0:12  Overlord  
  13  0:16  Drone  
  14  0:31  Drone x2  
  16  0:47  Hatchery  
  15  0:51  Drone  
  15  0:55  Drone  
  17  0:59  Drone  
  18  1:09  Extractor  
  17  1:14  Spawning Pool  
  17  1:17  Drone  
  17  1:21  Drone  
  18  1:28  Drone  
  19  1:38  Drone  
  20  1:48  Drone  
  21  2:00  Overlord  
  21  2:01  Zergling x2, Queen x2  
  26  2:09  Metabolic Boost  
  26  2:11  Drone  
  27  2:16  Drone  
  28  2:30  Hatchery  
  28  2:33  Drone  
  28  2:37  Drone  
  28  2:39  Drone  
  30  2:47  Baneling Nest  
  30  2:48  Drone  
  30  2:49  Drone  
  31  2:52  Drone  
  31  2:57  Overlord  
  32  3:00  Zergling x2  
  32  3:03  Zergling x2  
  34  3:08  Drone  
  34  3:09  Drone  
  36  3:15  Queen  
  36  3:17  Drone x2  
  40  3:21  Drone  
  40  3:25  Overlord  
  40  3:26  Drone  
  42  3:28  Drone  
  42  3:33  Drone  
  43  3:38  Overlord  
  43  3:41  Evolution Chamber  
  42  3:42  Overlord  
  42  3:44  Zergling x2  
  42  3:45  Zergling x2  
  42  3:47  Zergling x2  
  45  3:50  Zergling x4  
  45  3:54  Drone x2  
  49  3:58  Overlord  
  49  4:03  Baneling x2  
  49  4:05  Drone x3  
  49  4:09  Zerg Missile Weapons Level 1  
  52  4:10  Drone  
  52  4:11  Drone  
  52  4:14  Drone x2  
  56  4:17  Drone  
  56  4:21  Drone x3  
  56  4:23  Drone  
  61  4:28  Roach Warren  
  61  4:30  Drone x2  
  62  4:32  Drone  
  62  4:33  Drone  
  62  4:37  Extractor  
  63  4:38  Extractor  
  63  4:39  Zergling x4  
  63  4:40  Unknown  
  63  4:42  Zergling x2  
  64  4:46  Zergling x8  
  64  4:52  Zergling x8  
  68  4:56  Lair  
  68  4:59  Zergling x2  
  67  5:00  Zergling x2  
  67  5:01  Baneling x2  
  67  5:07  Drone  
  57  5:14  Drone  
  57  5:15  Drone x5  
  57  5:18  Baneling  
  62  5:23  Roach x3  
  62  5:28  Queen  
  66  5:29  Drone x4  
  66  5:34  Overlord  
  72  5:35  Roach  
  72  5:36  Overlord  
  72  5:45  Roach  
  72  5:46  Overlord  
  71  5:57  Glial Reconstitution, Baneling x2  
  71  5:59  Roach x6  
  71  6:00  Roach  
  85  6:05  Roach x3  
  85  6:07  Overlord  
  91  6:12  Overseer  
  91  6:16  Roach x2  
  94  6:21  Overlord  
  94  6:23  Roach x2  
  98  6:26  Roach  
  98  6:28  Roach  
  103  6:33  Roach x2  
  103  6:34  Overlord  
  103  6:35  Overlord  
  104  6:40  Overlord  
  104  6:44  Drone  
  104  6:45  Evolution Chamber  
  104  6:46  Pneumatized Carapace  
  104  6:51  Drone x3  
  104  6:52  Drone  
  108  6:58  Zergling x4  
  110  7:02  Drone x4  
  110  7:04  Extractor  
  110  7:07  Roach x3  
  121  7:08  Roach  
  121  7:21  Roach  
  121  7:22  Roach x3  
  125  7:23  Overlord  
  125  7:29  Roach x3  
  115  7:31  Ravager  
  115  7:32  Ravager  
  115  7:35  Roach x2  
  119  7:40  Roach x2  
  119  7:43  Roach  
  107  7:48  Roach  
  107  7:49  Roach x2  
  111  7:52  Roach x2  
Show
View Real Time Build Order
Export as new Build Order

Stephano Zerg - Winner!

Build Orders: Hatch First 

Get SALT Encoding   

  12  0:00  Drone  
  13  0:12  Overlord  
  13  0:17  Drone  
  14  0:30  Drone x2  
  16  0:47  Hatchery  
  15  0:51  Drone  
  15  0:54  Drone  
  17  0:57  Drone  
  18  1:07  Extractor  
  17  1:13  Spawning Pool  
  17  1:15  Drone  
  17  1:18  Drone  
  18  1:28  Drone  
  19  1:39  Drone  
  20  1:49  Drone  
  21  1:59  Queen x2  
  21  2:00  Overlord, Zergling x2  
  26  2:10  Drone x2  
  26  2:12  Metabolic Boost  
  28  2:20  Drone  
  28  2:21  Drone  
  30  2:31  Hatchery  
  29  2:39  Queen  
  29  2:42  Drone  
  32  2:48  Overlord  
  32  2:51  Drone x2  
  33  2:57  Baneling Nest  
  32  2:59  Drone  
  32  3:01  Drone  
  32  3:04  Zergling x2  
  35  3:14  Overlord  
  35  3:17  Zergling x8  
  35  3:18  Drone  
  40  3:21  Overlord  
  40  3:34  Zergling x4  
  40  3:41  Zergling x10  
  47  3:43  Baneling  
  47  3:44  Baneling  
  47  3:51  Drone x5  
  52  3:58  Evolution Chamber  
  52  3:59  Drone x2  
  52  4:02  Overlord  
  53  4:09  Drone x2  
  55  4:14  Unknown  
  54  4:18  Drone, Roach Warren  
  54  4:20  Drone x4  
  54  4:23  Overlord  
  58  4:26  Zerg Missile Weapons Level 1  
  58  4:27  Drone  
  59  4:38  Baneling x2  
  59  4:46  Zergling x20  
  59  4:51  Overlord  
  69  4:53  Drone x3  
  67  5:02  Lair  
  67  5:03  Drone  
  67  5:04  Drone x2  
  69  5:11  Zergling x14  
  71  5:26  Drone x5  
  69  5:31  Baneling x3  
  69  5:37  Overlord  
  69  5:38  Drone x3  
  69  5:39  Drone x2  
  69  5:41  Extractor  
  69  5:42  Extractor  
  72  5:48  Overlord  
  72  5:53  Roach x7  
  84  6:03  Roach x6  
  96  6:13  Baneling x3  
  96  6:16  Drone x2  
  98  6:18  Glial Reconstitution  
  98  6:21  Overlord  
  98  6:22  Evolution Chamber  
  98  6:24  Drone x3  
  100  6:26  Extractor  
  94  6:33  Roach x3  
  94  6:34  Overlord x4  
  94  6:36  Overlord  
  94  6:39  Roach x2  
  101  6:43  Roach x2  
  105  6:52  Roach x5  
  115  6:58  Roach x4  
  123  7:02  Roach x2  
  123  7:03  Roach  
  123  7:05  Roach  
  123  7:07  Roach  
  133  7:09  Roach  
  135  7:17  Roach x2  
  133  7:23  Roach x6  
  133  7:28  Roach x2  
  148  7:30  Ravager  
  143  7:41  Roach x6  
  139  7:44  Roach  
  139  7:47  Roach x3  
Tags
 
Add a new tag
Caveats
  • Supply blocks, unpowered buildings, or Contaminate may cause inaccurate times.
  • Supply counts are checked every 10 seconds.